 Dungeon Crawl Stone Soup version 0.29.1-1-gd02db69 (webtiles) character file.

Game seed: 12875095799856594467

564 Matak the Shield-Bearer (level 7, -23/67 HPs)
             Began as a Troll Fighter on Nov 18, 2022.
             Was an Initiate of Ashenzari.
             Annihilated by an ogre
             ... wielding a +0 giant spiked club
              (25 damage)
             ... on level 5 of the Dungeon.
             The game lasted 00:34:03 (2906 turns).

Matak the Shield-Bearer (Troll Fighter)             Turns: 2906, Time: 00:34:04

Health: -23/67     AC:  4    Str: 27    XL:     7   Next: 10%
Magic:  6/6        EV:  9    Int:  4    God:    Ashenzari [......]
Gold:   129        SH:  7    Dex:  9    Spells: 6/6 levels left

rFire   . . .      SeeInvis .     - Unarmed
rCold   . . .      Faith    .   b - +0 kite shield
rNeg    . . .      Spirit   .   a - +0 robe
rPois   .          Reflect  .   (helmet restricted)
rElec   .          Harm     .   (no cloak)
rCorr   .          Rampage  .   (gloves unavailable)
Will    .....                   (boots unavailable)
Stlth   +.........              (no amulet)
HPRegen 1.01/turn               (no ring)
MPRegen 0.10/turn               (no ring)

@: no status effects
A: large, unfitting armour, claws 3, regeneration 1, shaggy fur 1, tough skin 1
a: Renounce Religion


You were on level 5 of the Dungeon.
You worshipped Ashenzari.
Ashenzari was noncommittal.
You visited 1 branch of the dungeon, and saw 5 of its levels.

You collected 209 gold pieces.
You spent 80 gold pieces at shops.

Inventory:

Hand Weapons
 e - a +0 mace
 g - a +0 hand axe
 j - a +0 club
 k - a +0 dagger
 p - a +0 long sword
 s - a +0 spear
 w - a +0 flail
 x - a +0 flail
 y - a +0 halberd
 z - a +0 club
 A - a +0 club
 B - a +0 sling
 D - a +2 sling of flaming
 I - a +1 falchion of electrocution
 M - a +0 hand axe
 N - a +0 hand axe
Missiles
 h - 25 stones (quivered)
 l - 6 datura-tipped darts
 r - 9 boomerangs
Armour
 a - a +0 robe (worn)
 b - a +0 kite shield (worn)
 F - a +0 scale mail
 K - a +0 ring mail
 O - a +0 ring mail
 P - a +0 ring mail
Magical Staves
 m - a staff of air
Scrolls
 d - 2 scrolls of immolation {unknown}
 i - 2 scrolls of amnesia {unknown}
 o - 2 scrolls of enchant armour {unknown}
 t - 2 scrolls of noise {unknown}
 C - a scroll of magic mapping {unknown}
 G - 2 scrolls of butterflies {unknown}
 H - 2 scrolls of enchant weapon {unknown}
 J - a scroll of vulnerability {unknown}
 L - a scroll of poison {unknown}
 Q - a scroll of silence {unknown}
Potions
 c - 3 potions of might
 f - 2 potions of mutation {unknown}
 n - 4 potions of heal wounds {unknown}
 q - a potion of flight {unknown}
 u - 2 potions of curing {unknown}
 v - a potion of lignification {unknown}
 E - a potion of brilliance {unknown}


   Skills:
 + Level 3.5 Fighting
 + Level 2.2(2.3) Axes
 - Level 0.9(1.8) Maces & Flails
 + Level 3.8 Dodging
 + Level 4.1 Shields
 + Level 3.6 Unarmed Combat


You had 6 spell levels left.
You didn't know any spells.
Your spell library contained the following spells:

 Spells                   Type           Power      Damage    Failure   Level
 Summon Small Mammal      Summ           0%         N/A       78%         1
 Call Canine Familiar     Summ           0%         N/A       98%         3
 Summon Guardian Golem    Hex/Summ       0%         N/A       98%         3


Dungeon Overview and Level Annotations

Branches:
Dungeon (5/15)
 Temple: D:4-7

Altars:
Ashenzari
Dithmenos
Hepliaklqana
Okawaru
Ru

Shops:
D:4 [   D:5 [


Innate Abilities, Weirdness & Mutations

You are too large for most types of armour.
You have claws for hands.
Your natural rate of healing is unusually fast.
You are covered in fur. (AC +1)
You have tough skin. (AC +1)


Message History

The ogre shouts!
You scratch the scorpion.
You kill the scorpion!
You feel sick. The howler monkey hits you.
* * * LOW HITPOINT WARNING * * *
You have reached level 7!
You claw the howler monkey!
The howler monkey is severely wounded.
You feel sick. The howler monkey hits you.
* * * LOW HITPOINT WARNING * * *
You barely miss the howler monkey.
The howler monkey is severely wounded.
You feel sick. The howler monkey hits you.
* * * LOW HITPOINT WARNING * * *
The quokka bites you but does no damage.
The howler monkey hits you but does no damage.
You claw the howler monkey!
You kill the howler monkey!
You feel sick. You block the quokka's attack.
You scratch the quokka.
The quokka is almost dead.
You feel sick.
A scorpion comes into view.
The quokka bites you but does no damage.
You barely miss the quokka.
The quokka is almost dead.
You feel sick. The quokka bites you.
* * * LOW HITPOINT WARNING * * *
The quokka misses you.
You claw the quokka!
You kill the quokka!
You feel sick. You block the ogre's attack.
You scratch the ogre.
The ogre is moderately wounded.
You feel sick.
You are no longer poisoned.
You claw the ogre!
The ogre is heavily wounded.
The ogre hits you with a +0 giant spiked club!!
You die...

#################.....#
.............)...))##.#
...........†........##.######
..........).................
...................##.#####.
....<..............##.# ##'
....................##.# #..
....................##.# #..
.....#'#....@..........# #..
.....+∩'...O........#### #..
.....#)#............# #..
.(...................# #..
.........s........... #..
..................... #..
..............!...... #..
..................... ###
...(................


You could see an ogre and a scorpion.

Vanquished Creatures
  An ogre (D:5)
  A necrophage (D:4)
  A scorpion (D:5)
  A howler monkey (D:5)
  A hound (D:4)
  3 iguanas
  8 gnolls
  4 adders
  A shadow imp (D:5)
  An ufetubus (D:4)
  2 worms (D:3)
  2 dart slugs
  5 orcs (D:5)
  4 bats
  5 endoplasms
  6 giant cockroaches
  7 goblins
  6 hobgoblins
  6 jackals (D:2)
  2 quokkas
  3 ball pythons
  6 frilled lizards
  3 kobolds
  11 rats
90 creatures vanquished.

Vanquished Creatures (others)
  3 fungi (D:3)
  14 plants (D:3)
17 creatures vanquished.

Grand Total: 107 creatures vanquished

Notes
Turn   | Place    | Note
-------+----------+-------------------------------------------
     0 | D:1      | Matak the Troll Fighter began the quest for the Orb.
     0 | D:1      | Reached XP level 1. HP: 22/22 MP: 0/0
   373 | D:1      | Found a faded altar of an unknown god.
   436 | D:1      | Reached XP level 2. HP: 29/29 MP: 1/1
   560 | D:1      | Reached skill level 3 in Shields
   838 | D:2      | Reached XP level 3. HP: 36/36 MP: 2/2
   904 | D:2      | Found a hazy altar of Hepliaklqana.
  1557 | D:3      | Found a shadowy altar of Dithmenos.
  1703 | D:3      | Found an iron altar of Okawaru.
  1788 | D:4      | Reached XP level 4. HP: 30/44 MP: 3/3
  1932 | D:4      | Reached skill level 1 in Axes
  1932 | D:4      | Reached XP level 5. HP: 40/52 MP: 4/4
  2015 | D:4      | Found Eghusit's Antique Armour Emporium.
  2033 | D:4      | Bought a scale mail for 80 gold pieces
  2227 | D:4      | Reached XP level 6. HP: 8/61 MP: 5/5
  2402 | D:3      | Found a broken altar of Ashenzari.
  2431 | D:3      | Became a worshipper of Ashenzari the Shackled
  2498 | D:3      | Found a sacrificial altar of Ru.
  2762 | D:5      | Entered Level 5 of the Dungeon
  2802 | D:5      | Found Ugadairch's Armour Emporium.
  2864 | D:5      | Reached skill level 4 in Shields
  2899 | D:5      | Reached XP level 7. HP: 11/67 MP: 6/6
  2900 | D:5      | HP: 2/67 [howler monkey (6)]
  2905 | D:5      | HP: 1/67 [poisoned by a scorpion]
  2906 | D:5      | Annihilated by an ogre

Illustrated notes

Levels and vault maps discovered:
D:1:      elethiomel_arrival_maze, layout_basic,
          hellmonk_ecumenical_altar_heavens_door
D:2:      layout_basic, basic_altar
D:3:      layout_loops_cross, amcnicky_altar_gilded,
          mainiacjoe_overflow_boulevard, mainiacjoe_overflow_chevrons,
          nicolae_ru_the_path_less_chosen, chequers_serial_rivers_small_3
D:4:      layout_gridville, serial_shops, nicolae_square_shop
D:5:      layout_basic, minmay_temple_entry_enclosed_plants, serial_shops,
          kennysheep_mini_moat, uniq_eustachio

Skill      XL: |  1  2  3  4  5  6 |
---------------+-------------------+-----
Shields        | 3 4 |  4.1
Dodging        | 3 |  3.8
Axes           | 1 2 |  2.2
Fighting       | 3 |  3.5
Unarmed Combat | 3 |  3.6
Maces & Flails | |  0.9

Action                   |  1- 3 |  4- 6 |  7- 9 || total
-------------------------+-------+-------+-------++-------
Melee: Mace              |    69 |       |       ||    69
       Unarmed           |    68 |   195 |     8 ||   271
 Stab: Sleeping          |     2 |       |       ||     2
Armor: Robe              |    35 |    42 |     3 ||    80
Dodge: Dodged            |    44 |    66 |     1 ||   111
Block: Kite shield       |    40 |    78 |     2 ||   120
